 Dungeon Crawl Stone Soup version 0.29.0-4-gdea44cf6ec (webtiles) character file.

Game seed: 7483914634598507675

780 qw the Chopper (level 7, 0/41 HPs)
             Began as a Tengu Warper on Aug 28, 2022.
             Was an Initiate of Okawaru.
             Slain by a yak (6 damage)
             ... on level 5 of the Dungeon.
             The game lasted 00:00:34 (5877 turns).

qw the Chopper (Tengu Warper)                       Turns: 5877, Time: 00:00:34

Health: 0/41       AC: 11    Str: 13    XL:     7   Next: 85%
Magic:  11/11      EV:  3    Int: 14    God:    Okawaru [......]
Gold:   257        SH: 10    Dex: 19    Spells: 10/10 levels left

rFire   . . .      SeeInvis .   Y - +0 war axe
rCold   . . .      Faith    .   e - +0 kite shield
rNeg    . . .      Spirit   .   h - +0 plate armour
rPois   +          Reflect  .   (helmet restricted)
rElec   .          Harm     .   (no cloak)
rCorr   .          Rampage  .   (no gloves)
Will    .....                   (boots unavailable)
Stlth   ..........              (no amulet)
HPRegen 0.13/turn               f - +6 ring of dexterity
MPRegen 0.12/turn               a - ring of poison resistance

@: flying quickly and evasively, quick
A: beak, talons 3, nimble flight
a: Renounce Religion


You were on level 5 of the Dungeon.
You worshipped Okawaru.
Okawaru was noncommittal.
You visited 2 branches of the dungeon, and saw 6 of its levels.
You also visited: Sewer.

You collected 257 gold pieces.


Innate Abilities, Weirdness & Mutations

You have a beak for a mouth.
You have claws for feet.
Your magical nature lets you fly swiftly and evasively.


   Skills:
 - Level 3.0 Fighting
 + Level 7.0 Axes
 - Level 1.0 Throwing
 - Level 3.4 Armour
 - Level 2.1 Dodging
 - Level 4.1 Shields
 - Level 2.0 Spellcasting
 - Level 2.4 Translocations


You had 10 spell levels left.
You didn't know any spells.
Your spell library contained the following spells:

 Spells                   Type           Power      Damage    Failure   Level
 Blink                    Tloc           16%        N/A       100%        2
 Gell's Gravitas          Tloc           8%         N/A       100%        3
 Lesser Beckoning         Tloc           8%         N/A       100%        3
 Teleport Other           Tloc           8%         N/A       100%        3
 Manifold Assault         Tloc           8%         N/A       100%        5

Inventory:

Hand Weapons
 i - a +0 flail
 Y - a +0 war axe (weapon)
Missiles
 j - a silver boomerang (quivered)
Armour
 e - a +0 kite shield (worn)
 h - a +0 plate armour (worn)
Jewellery
 a - a ring of poison resistance (right hand)
 f - a +6 ring of dexterity (left hand)
 n - a ring of fire
Scrolls
 b - a scroll of vulnerability {unknown}
 c - a scroll of identify
 l - a scroll of teleportation
 p - a scroll of noise {unknown}
Potions
 d - 3 potions of might
 g - 2 potions of mutation {unknown}
 k - a potion of haste {unknown}
 m - a potion of resistance {unknown}
 o - 4 potions of cancellation

Dungeon Overview and Level Annotations

Branches:
Dungeon (5/15)             Temple (1/1) D:4           Sewer (visited)

Altars:
Cheibriados
Dithmenos
Hepliaklqana
Nemelex Xobeh
Okawaru
Trog
Uskayaw
Yredelemnul
Zin


Message History

You throw a silver boomerang.
The silver boomerang hits the yak but does no damage.
The yak is moderately wounded.
You hit the yak but do no damage.
The yak is moderately wounded.
The yak gores you.
A yak comes into view. x2
5871 ||| Stepping ~*~*~tactically~*~*~ (stealth).
The yak bellows!
You hit the yak. You peck the yak.
The yak is heavily wounded.
You block the yak's attack.
You hit the yak. You claw the yak. Your peck misses the yak.
The yak is heavily wounded.
You hit the yak but do no damage.
A yak comes into view.
The yak gores you but does no damage. You block the yak's attack.
The yak bellows!
You hit the yak but do no damage.
The yak is heavily wounded.
You hit the yak. The yak gores you. The yak gores you! The yak gores you.
You block the yak's attack.
The yak bellows!
You hit the yak but do no damage. You claw the yak.
You peck the yak, but do no damage.
The yak is severely wounded.
You hit the yak. You block the yak's attack.
The yak gores you but does no damage.
You hit the yak.
The yak is severely wounded.
You barely miss the yak. x2
You block the yak's attack. The yak gores you.
You slash the yak! You claw the yak. You peck the yak, but do no damage.
The yak is almost dead.
You hit the yak. You barely miss the yak. You hit the yak.
The yak gores you but does no damage. x2; The yak barely misses you.
The yak gores you but does no damage. The yak gores you!
The yak gores you but does no damage. The yak gores you.
You die...

#. #.#.# #. ##### #.#.#
#.. #...# #.#.#
#.##...###.#.#
.###........#.#.#
..............#.#
#.Y........#.#
#.YY.####..#
#YY@.......# .#
#.Y##''##..# .##+#.#
##.#¤~~~#..# ......#
#.#¤8.~#..# ##.....##
#.#¤>_~#..# ##.......##
#.#~¤~~#..#
#.........####.######.##
#+.........+...........#
#......#.#.####.....####


You could see 6 yaks.

Vanquished Creatures
  An ogre (D:5)
  A gnoll sergeant (D:5)
  2 bullfrogs (Sewer)
  2 scorpions (D:5)
  A hound (D:5)
  2 orc priests (D:4)
  2 iguanas (D:4)
  Terence (D:3)
  4 gnolls (D:5)
  5 adders
  A river rat (D:3)
  3 worms
  2 dart slugs
  5 orcs
  16 endoplasms
  8 giant cockroaches
  6 goblins
  2 hobgoblins
  12 jackals
  2 kobolds
  10 quokkas
  8 ball pythons
  9 bats
  13 frilled lizards
  5 rats
123 creatures vanquished.

Vanquished Creatures (others)
  A plant (D:1)
1 creature vanquished.

Grand Total: 124 creatures vanquished

Notes
Turn   | Place    | Note
-------+----------+-------------------------------------------
     0 | D:1      | qw the Tengu Warper began the quest for the Orb.
     0 | D:1      | Reached XP level 1. HP: 12/12 MP: 4/4
     0 | D:1      | 0 ||| qw: Version: 0.1-a-89-g26bdef1
     0 | D:1      | 0 ||| qw: Game counter: 2562
     0 | D:1      | 0 ||| qw: Always use a shield: true
     0 | D:1      | 0 ||| qw: God list: Okawaru
     0 | D:1      | 0 ||| qw: Allow faded altars: false
     0 | D:1      | 0 ||| qw: Do Orc after D:15 true
     0 | D:1      | 0 ||| qw: Do second Lair branch before Depths: true
     0 | D:1      | 0 ||| qw: Lair rune preference: random
     0 | D:1      | 0 ||| qw: Plans: Normal
     0 | D:1      | 0 ||| PLANNING D:1-11
   194 | D:1      | 194 ||| Stepping ~*~*~tactically~*~*~ (stealth).
   195 | D:1      | 195 ||| Stepping ~*~*~tactically~*~*~ (stealth).
   201 | D:1      | Reached skill level 3 in Axes
   201 | D:1      | Reached XP level 2. HP: 17/17 MP: 6/6
  1134 | D:1      | 1134 ||| UPGRADING to +6 ring of dexterity.
  1135 | D:1      | 1135 ||| READING scroll labelled CEZ AD YTIUF.
  1136 | D:1      | 1136 ||| READING scroll labelled ULAUGO FED FOU.
  1137 | D:1      | 1137 ||| DRINKING 2 puce potions.
  1138 | D:1      | 1138 ||| DROPPING scroll of blinking.
  1239 | D:2      | Reached XP level 3. HP: 21/21 MP: 7/7
  1287 | D:2      | 1287 ||| Stepping ~*~*~tactically~*~*~ (stealth).
  1290 | D:2      | 1290 ||| Stepping ~*~*~tactically~*~*~ (stealth).
  1291 | D:2      | 1291 ||| DROPPING +0 club.
  1342 | D:2      | Reached skill level 4 in Axes
  1956 | D:2      | Reached XP level 4. HP: 26/26 MP: 8/8
  1964 | D:2      | 1964 ||| UPGRADING to +0 plate armour.
  1974 | D:2      | 1974 ||| DROPPING +0 leather armour.
  1975 | D:2      | 1975 ||| UPGRADING to ring of poison resistance.
  1976 | D:2      | 1976 ||| READING scroll labelled RUCINI TIREZE.
  1977 | D:2      | 1977 ||| READING scroll labelled MYFIUC TAEXU.
  2115 | D:2      | 2115 ||| READING scroll labelled FEFUPUG NOOS.
  2116 | D:2      | 2116 ||| READING 2 scrolls labelled ZIULEGAVASM.
  2121 | D:2      | 2121 ||| READING scroll labelled YGADGH BEUF.
  2145 | D:3      | 2145 ||| PLANNING SEWER
  2219 | D:3      | 2219 ||| Stepping ~*~*~tactically~*~*~ (stealth).
  2225 | D:3      | Found a glowing drain.
  2226 | D:3      | 2226 ||| DRINKING 2 fizzy dark potions.
  2227 | D:3      | 2227 ||| DROPPING potion of flight.
  2391 | Sewer    | Entered a sewer
  2487 | Sewer    | 2487 ||| Stepping ~*~*~tactically~*~*~ (stealth).
  2506 | Sewer    | 2506 ||| Stepping ~*~*~tactically~*~*~ (water).
  2520 | Sewer    | 2520 ||| Stepping ~*~*~tactically~*~*~ (water).
  2544 | Sewer    | 2544 ||| Stepping ~*~*~tactically~*~*~ (water).
  2698 | Sewer    | Reached skill level 5 in Axes
  2769 | Sewer    | 2769 ||| Stepping ~*~*~tactically~*~*~ (water).
  2777 | Sewer    | Gained mutation: Your magical nature lets you fly swiftly
                  | and evasively. [Tengu growth]
  2777 | Sewer    | Reached XP level 5. HP: 27/30 MP: 9/9
  2805 | Sewer    | 2805 ||| Stepping ~*~*~tactically~*~*~ (stealth).
  2845 | Sewer    | Reached skill level 6 in Axes
  2845 | Sewer    | Reached XP level 6. HP: 19/35 MP: 10/10
  2992 | Sewer    | 2992 ||| READING scroll of enchant weapon.
  2992 | Sewer    | 2992 ||| ENCHANTING +1 hand axe.
  2999 | Sewer    | 2999 ||| SWAPPING to +0 war axe.
  3000 | Sewer    | 3000 ||| DROPPING +2 hand axe.
  3014 | D:3      | 3014 ||| PLANNING D:1-11
  3169 | D:3      | 3169 ||| Stepping ~*~*~tactically~*~*~ (stealth).
  3240 | D:3      | Found a faded altar of an unknown god.
  3366 | D:3      | Noticed Terence
  3367 | D:3      | 3367 ||| Stepping ~*~*~tactically~*~*~ (hiding).
  3378 | D:3      | Killed Terence
  3475 | D:3      | You are sucked into a shaft and drop 1 floor!
  3516 | D:4      | Reached skill level 7 in Axes
  3599 | D:4      | 3599 ||| UPGRADING to +0 kite shield.
  3604 | D:4      | 3604 ||| DRINKING 4 bubbling grey potions.
  4141 | D:4      | 4141 ||| DROPPING +0 mace.
  4192 | D:4      | Reached skill level 1 in Shields
  4284 | D:4      | Found a staircase to the Ecumenical Temple.
  4285 | D:4      | 4285 ||| PLANNING TEMPLE
  4287 | D:4      | 4287 ||| FLEEEEING.
  4288 | D:4      | 4288 ||| FLEEEEING.
  4289 | D:4      | 4289 ||| FLEEEEING.
  4290 | D:4      | 4290 ||| FLEEEEING.
  4291 | D:4      | 4291 ||| FLEEEEING.
  4302 | D:4      | 4302 ||| FLEEEEING.
  4303 | D:4      | 4303 ||| FLEEEEING.
  4309 | D:4      | 4309 ||| FLEEEEING.
  4310 | D:4      | 4310 ||| FLEEEEING.
  4311 | D:4      | 4311 ||| FLEEEEING.
  4312 | D:4      | 4312 ||| FLEEEEING.
  4313 | D:4      | 4313 ||| FLEEEEING.
  4326 | D:4      | 4326 ||| FLEEEEING.
  4329 | D:4      | 4329 ||| STAIRDANCE
  4388 | D:4      | 4388 ||| STAIRDANCE
  4441 | D:4      | 4441 ||| STAIRDANCE
  4497 | D:4      | Reached XP level 7. HP: 21/40 MP: 11/11
  4659 | D:4      | 4659 ||| Stepping ~*~*~tactically~*~*~ (stealth).
  4668 | Temple   | Entered the Ecumenical Temple
  4673 | Temple   | Became a worshipper of Warmaster Okawaru
  4692 | Temple   | 4692 ||| PLANNING D:1-11
  4840 | D:4      | 4840 ||| READING scroll labelled URUPRY ORGHO.
  4848 | D:5      | Entered Level 5 of the Dungeon
  4849 | D:5      | 4849 ||| PLANNING OSSUARY
  4861 | D:5      | Reached skill level 3 in Shields
  5256 | D:5      | Found a hide-covered altar of Uskayaw.
  5466 | D:5      | Reached skill level 3 in Armour
  5504 | D:5      | 5504 ||| RIP OSSUARY
  5631 | D:5      | 5631 ||| PLANNING D:1-11
  5717 | D:5      | Reached skill level 3 in Fighting
  5860 | D:5      | Found a basalt altar of Yredelemnul.
  5866 | D:5      | Noticed a yak
  5866 | D:5      | Noticed a yak
  5867 | D:5      | Noticed a yak
  5870 | D:5      | Noticed a yak
  5870 | D:5      | Noticed a yak
  5871 | D:5      | 5871 ||| Stepping ~*~*~tactically~*~*~ (stealth).
  5873 | D:5      | Noticed a yak
  5877 | D:5      | HP: 6/41 [yak (12)]
  5877 | D:5      | Slain by a yak

Levels and vault maps discovered:
D:1:      mrwooster_arrival_statue_2, layout_basic, serial_bayou_pond_b,
          nicolae_titane
D:2:      layout_rooms
D:3:      layout_loops_corners, dreamdust_ecumenical_altar_statues,
          portal_sewer_entry_a, uniq_terence
D:4:      layout_basic, minmay_temple_entry_junction,
          eino_small_chamber_without_monster
D:5:      layout_loops_corners, hangedman_ru_absence,
          nicolae_uskayaw_dance_hall, general_overflow_altar,
          serial_co_window_serial, co_window_paths_b, co_window_paths_b,
          co_window_paths_a, co_window_paths_b, co_window_of_opportunity_a,
          co_window_broadway_c, co_window_paths_c, co_window_broadway_a,
          co_window_unsneaky_path_a, co_window_broadway_b, glass_columns_c,
          glass_columns_a, glass_columns_a, glass_columns_a, glass_columns_a,
          gup_ossuary_entry_pyramid, minmay_checkerbox
Temple:   hellmonk_temple_two_chambers

Skill      XL: |  1  2  3  4  5  6  7 |
---------------+----------------------+-----
Axes           | 3 4 5 6 7 |  7.0
Armour         | 2 3 |  3.4
Shields        | 2 4 |  4.1
Fighting       | 3 |  3.0
Throwing       | |  1.0
Dodging        | |  2.1
Spellcasting   | |  2.0
Translocations | |  2.4

Action                   |  1- 3 |  4- 6 |  7- 9 || total
-------------------------+-------+-------+-------++-------
Melee: Hand axe          |    62 |    74 |       ||   136
       Kick              |    17 |    35 |    17 ||    69
       Peck              |    10 |    17 |    15 ||    42
       Punch             |       |     1 |       ||     1
       War axe           |       |    74 |    57 ||   131
Throw: Boomerang         |    15 |    45 |    15 ||    75
       Javelin           |    11 |    11 |       ||    22
  Use: Scroll            |     2 |     6 |     1 ||     9
       Potion            |     1 |     2 |       ||     3
Armor: Leather armour    |    13 |       |       ||    13
       Plate armour      |       |    77 |    21 ||    98
Dodge: Dodged            |    41 |    26 |    10 ||    77
Block: Kite shield       |       |    15 |    25 ||    40

Table legend:
 A = Non-vault XP
 B = Vault XP
 C = Vault XP percentage of total XP
 D = Non-vault monster count
 E = Vault monster count
 F = Vault count percentage of total count
                 A         B        C        D         E       F
            +---------+---------+-------+---------+---------+-------
      Total |     816 |     299 |  26.8 |      78 |      45 |  36.6
            +---------+---------+-------+---------+---------+-------
        D:1 |      31 |       1 |   3.1 |      16 |       1 |   5.9
        D:2 |      50 |       0 |   0.0 |      14 |       0 |   0.0
        D:3 |      57 |      53 |  48.2 |      18 |       5 |  21.7
        D:4 |     195 |       0 |   0.0 |      19 |       0 |   0.0
        D:5 |     483 |       0 |   0.0 |      11 |       0 |   0.0
      Sewer |       0 |     245 | 100.0 |       0 |      39 | 100.0
            +---------+---------+-------+---------+---------+-------
